 Dungeon Crawl Stone Soup version 0.20.0-10-g0535bb4 (webtiles) character file.

223 Gorglomux the Skirmisher (level 5, -14/70 HPs)
             Began as a Demigod Fighter on June 3, 2017.
             Killed from afar by Gorglomux's ghost (19 damage)
             ... with an orb of energy
             ... on level 4 of the Dungeon.
             The game lasted 00:02:21 (2456 turns).

Gorglomux the Skirmisher (Demigod Fighter)          Turns: 2456, Time: 00:02:21

Health: -14/70     AC: 22    Str: 19    XL:     5   Next: 39%
Magic:  7/7        EV:  2    Int: 12    God:
Gold:   191        SH:  9    Dex: 17    Spells: 4/4 levels left

rFire    + . .     SeeInvis .   a - +0 long sword
rCold    + . .     Gourm    .   c - +0 shield
rNeg     + + +     Faith    .   (armour currently unavailable)
rPois    +         Spirit   .   (helmet currently unavailable)
rElec    +         Reflect  .   (cloak currently unavailable)
rCorr    +         Harm     .   (gloves currently unavailable)
MR       .....     NoTele   +   (boots currently unavailable)
Stlth    ++........             (no amulet)
Regen    0.3/turn               g - ring of resist corrosion
MPRegen  0.1/turn               (no ring)

@: tree-form, resistant
A: high mp 1
a: no special abilities


You were on level 4 of the Dungeon.
You were not hungry.
You were a tree.
You visited 1 branch of the dungeon, and saw 4 of its levels.

You collected 191 gold pieces.

Inventory:

Hand Weapons
 a - a +0 long sword (weapon)
Armour
 c - a +0 shield (worn)
 n - a +2 hat (melded)
 r - a +0 pair of gloves (melded)
 u - a +0 plate armour
 w - a +2 chain mail of cold resistance (melded)
Jewellery
 g - a ring of resist corrosion (left branch)
Scrolls
 k - 5 scrolls of remove curse {unknown}
 o - a scroll of magic mapping {unknown}
 t - 2 scrolls of blinking {unknown}
 v - 5 scrolls of identify {unknown}
 y - a scroll of fog {unknown}
Potions
 d - a potion of might
 l - a potion of berserk rage {unknown}
 m - a potion of magic {unknown}
 s - a potion of mutation {unknown}
Comestibles
 f - 2 bread rations
 q - 6 fruits
 x - 6 chunks of flesh
 z - 2 meat rations
 A - a royal jelly


   Skills:
 + Level 4.4 Fighting
 + Level 4.1 Long Blades
 - Level 2.6 Armour
 - Level 2.6 Shields


You had 4 spell levels left.
You didn't know any spells.

Dungeon Overview and Level Annotations

Branches:
Dungeon (4/15)
 Temple: D:4-7

Annotations:
D:4 Gorglomux's ghost, amateur FeCj


Innate Abilities, Weirdness & Mutations

You have an increased reservoir of magic. (+10% MP)


Message History

You miss Gorglomux's ghost.
Gorglomux's ghost is moderately damaged.
Gorglomux's ghost casts a spell at you. The orb of energy hits you!
* * * LOW HITPOINT WARNING * * *
You hit Gorglomux's ghost.
Gorglomux's ghost is heavily damaged.
You block Gorglomux's ghost's attack.
Unknown command.
It was a potion of lignification.
You turn into a tree.
Your +2 hat melds into your body.
Your +0 pair of gloves melds into your body.
Your +2 chain mail of cold resistance melds into your body.
You feel less resistant to cold.
Your roots penetrate the ground.
Gorglomux's ghost hits you but does no damage.
It was a potion of resistance.
You feel protected.
Gorglomux's ghost stares at you and mumbles some strange words.
The orb of energy hits you!
You die...

..# ###.## ###
####....# #..
.......########## #.#
#.....#........# #.#
#.....#........# #.#
...#...W"#........# #.#
#..$..♣##........####.#
#.....................#
#..#####.#######......#
#. #.# #......# #.#
#....... #.# #.......
#+# #......# #......#
####.#.#


You could see Gorglomux's ghost.

Vanquished Creatures
  A worker ant (D:3)
  6 gnolls (D:2)
  5 adders
  An ooze (D:2)
  4 worms
  4 dart slugs
  2 orcs (D:2)
  8 bats
  5 giant cockroaches
  4 hobgoblins
  8 jackals
  A ball python (D:1)
  2 frilled lizards (D:2)
  6 goblins
  11 kobolds
  9 rats
  A toadstool (D:1)
78 creatures vanquished.

Vanquished Creatures (others)
  3 toadstools (D:1)
3 creatures vanquished.

Grand Total: 81 creatures vanquished

Notes
Turn   | Place    | Note
-------+----------+-------------------------------------------
     0 | D:1      | Gorglomux the Demigod Fighter began the quest for the Orb.
     0 | D:1      | Reached XP level 1. HP: 18/18 MP: 3/3
   404 | D:1      | Reached skill level 3 in Fighting
   420 | D:1      | Reached XP level 2. HP: 26/26 MP: 4/4
  1033 | D:2      | Reached XP level 3. HP: 29/31 MP: 5/5
  1158 | D:2      | Reached skill level 3 in Long Blades
  1194 | D:2      | Reached XP level 4. HP: 20/39 MP: 6/6
  1669 | D:2      | Found an iron altar of Okawaru.
  1913 | D:3      | Reached XP level 5. HP: 41/46 MP: 7/7
  2445 | D:4      | Noticed Gorglomux's ghost (amateur FeCj)
  2456 | D:4      | Killed from afar by Gorglomux's ghost

Skill      XL: |  1  2  3  4 |
---------------+-------------+-----
Long Blades    | 2 3 4 |  4.1
Fighting       | 3 4 |  4.4
Armour         | |  2.6
Shields        | |  2.6

Action                   |  1- 3 |  4- 6 || total
-------------------------+-------+-------++-------
Melee: Long sword        |   132 |   128 ||   260
  Use: Potion            |       |     2 ||     2
  Eat: Chunk             |     1 |     5 ||     6
Armor: Scale mail        |    79 |    17 ||    96
       Plate armour      |       |     9 ||     9
       Chain mail        |       |    54 ||    54
       Skin              |       |     1 ||     1
Dodge: Dodged            |    46 |    31 ||    77
Block: Shield            |   101 |    72 ||   173
       Rpst.: Long sword |    13 |    13 ||    26
